 Dungeon Crawl Stone Soup version 0.30.1-4-g462c640d31 (webtiles) character file.

Game seed: 8432027325648549479

1045 Babbit the Chopper (level 8, -17/71 HPs)
             Began as a Minotaur Fighter on Sept 11, 2023.
             Demolished by an ogre
             ... wielding the +5 giant club "Boast" {vamp, rC+}
              (18 damage)
             ... on level 4 of the Dungeon.
             The game lasted 00:12:38 (3764 turns).

Babbit the Chopper (Minotaur Fighter)               Turns: 3764, Time: 00:12:40

Health: -17/71     AC:  9    Str: 22    XL:     8   Next: 4%
Magic:  7/7        EV: 10    Int:  5    God:
Gold:   189        SH:  5    Dex: 11    Spells: 7/7 levels left

rFire   . . .        A - +1 war axe (heavy)
rCold   . . .        c - +0 buckler
rNeg    . . .        b - +0 scale mail
rPois   .            (helmet restricted)
rElec   .            (no cloak)
rCorr   .            v - +0 pair of gloves
SInv    .            (no boots)
Will    .....        (no amulet) Stlth
                     (no ring)
HPRegen 0.31/turn    (no ring)
MPRegen 0.10/turn

%: no passive effects
@: no status effects
A: horns 2, retaliatory headbutt
a: no special abilities


You were on level 4 of the Dungeon.
You visited 1 branch of the dungeon, and saw 5 of its levels.
You also visited: Sewer.

You collected 189 gold pieces.

Inventory:

Hand Weapons
 A - a +1 heavy war axe (weapon)
Missiles
 q - 9 boomerangs (quivered)
 w - 4 silver javelins
Armour
 b - a +0 scale mail (worn)
 c - a +0 buckler (worn)
 v - a +0 pair of gloves (worn)
Wands
 d - a wand of mindburst (18)
 p - a wand of roots (6)
 z - a wand of charming (15)
Scrolls
 a - a scroll of torment {unknown}
 f - 2 scrolls of teleportation
 g - a scroll of blinking {unknown}
 h - 2 scrolls of fear
 i - a scroll of magic mapping
 l - 2 scrolls of summoning
 o - a scroll of fog {unknown}
 t - 3 scrolls of identify {unknown}
 x - a scroll of amnesia {unknown}
 y - a scroll of enchant armour {unknown}
Potions
 e - a potion of lignification {unknown}
 j - 2 potions of mutation {unknown}
 k - 2 potions of cancellation {unknown}
 m - 4 potions of flight
 n - 2 potions of heal wounds {unknown}
 r - a potion of degeneration {unknown}
 s - a potion of brilliance {unknown}
 u - 4 potions of curing


   Skills:
 + Level 6.3 Fighting
 + Level 7.3 Axes
 + Level 6.5 Armour
 + Level 1.8 Dodging
 + Level 0.1 Stealth
 + Level 5.2 Shields


You had 7 spell levels left.
You didn't know any spells.
Your spell library contained the following spells:

 Spells                   Type           Power      Damage    Failure   Level
 Sublimation of Blood     Necr           0%         N/A       93%         2
 Ignite Poison            Fire/Tmut/Pois 0%         N/A       99%         3
 Inner Flame              Hex/Fire       0%         N/A       99%         3
 Summon Guardian Golem    Hex/Summ       0%         N/A       99%         3
 Cause Fear               Hex            0%         N/A       100%        4
 Flame Wave               Conj/Fire      0%         2d4       100%        4
 Petrify                  Tmut/Erth      0%         N/A       100%        4
 Sticky Flame             Conj/Fire      0%         2d3       100%        4
 Irradiate                Conj/Tmut      0%         3d11      100%        5
 Yara's Violent Unravell  Hex/Tmut       0%         3d3       100%        5
 Dragon Form              Tmut           0%         N/A       100%        7
 Dragon's Call            Summ           0%         N/A       100%        9


Dungeon Overview and Level Annotations

Branches:
Dungeon (5/15)              Sewer (visited)
 Temple: D:4-7

Altars:

Annotations:
D:4 1 transporter, LynnLen's ghost, novice SpEn


Innate Abilities, Weirdness & Mutations

You have a pair of horns on your head.
You reflexively headbutt those who attack you in melee.


Message History

The scorpion stings you but does no damage.
The scorpion stings you.
You hit the scorpion. You headbutt the scorpion.
The scorpion is severely wounded.
The scorpion stings you but does no damage. x2
You closely miss the scorpion.
The scorpion is severely wounded.
The scorpion stings you but does no damage.
You block the scorpion's attack.
You slice the scorpion!!
You kill the scorpion!
You have reached level 8!
You feel agile.
There is a stone staircase leading up here.
You climb upwards.
Level annotation: 1 transporter, LynnLen's ghost, novice SpEn
There is a stone staircase leading down here.
There is an open door here.
You see here a +0 flail.
LynnLen's ghost turns its malevolent gaze towards you.
You hear a shout!
Found a transporter.
Found a clear potion.
There is a transporter landing site here.
LynnLen's ghost stares at you.
There is a transporter here.
You enter the transporter and appear at another place.
Unknown command.
Unknown command.
The ogre hits you with the +5 giant club "Boast" {vamp, rC+}!!
You barely miss the ogre.
The ogre hits you with the +5 giant club "Boast" {vamp, rC+}!!
Okay, then.
You hit the ogre. You headbutt the ogre.
The ogre is moderately wounded.
You slash the ogre!
The ogre hits you with a +0 giant spiked club!!
* * * LOW HITPOINT WARNING * * *
The ogre hits you with the +5 giant club "Boast" {vamp, rC+}!!
You die...

#......##...........#..........
####...###..........#..........
#...#..................#####
#...#.....©.©.....####.#~~~~
####...##################))~~.~
#.......#....$!.....#.##.[#~~~~
#.......#..##.W.##..#.#...#####
#...##..#.#..#O#..#.#..........
#...##..#.#..#@#..#.#...#......
##...##..#!.##..O##..#...#......
#........#.....©....©##..#......
#...)....#############..........
#..............#................
#..............#................
#..........................###..
##########...#...<.^............
#...#..................


You could see 2 ogres and LynnLen's ghost.

Vanquished Creatures
  Sigmund (D:2)
  A black bear (D:4)
  The ghost of bronco the Sneak, an amateur FoEE (D:3)
  A kobold brigand (Sewer)
  A bullfrog (D:3)
  Blork the orc (D:5)
  A scorpion (D:5)
  A hound (D:5)
  A jelly (D:3)
  3 orc priests
  2 iguanas (D:4)
  2 orc wizards
  10 adders
  A gnoll (D:1)
  2 river rats (Sewer)
  A white imp (D:4)
  2 worms (D:4)
  3 dart slugs
  8 orcs
  9 endoplasms
  3 giant cockroaches (D:4)
  7 goblins
  7 hobgoblins
  A jackal (Sewer)
  4 quokkas
  9 ball pythons
  A bat (D:1)
  A frilled lizard (D:2)
  11 kobolds
  7 rats
103 creatures vanquished.

Notes
Turn   | Place    | Note
-------+----------+-------------------------------------------
     0 | D:1      | Babbit the Minotaur Fighter began the quest for the Orb.
     0 | D:1      | Reached XP level 1. HP: 19/19 MP: 0/0
    30 | D:1      | Reached XP level 2. HP: 27/27 MP: 1/1
   713 | D:2      | Noticed Sigmund
   726 | D:2      | Reached XP level 3. HP: 33/33 MP: 2/2
   730 | D:2      | Killed Sigmund
   731 | D:2      | Reached skill level 3 in Axes
   731 | D:2      | Reached skill level 1 in Dodging
   731 | D:2      | Reached XP level 4. HP: 30/41 MP: 3/3
   731 | D:2      | Reached XP level 5. HP: 34/47 MP: 4/4
  1246 | D:2      | Reached skill level 5 in Armour
  1583 | D:3      | Found a runed translucent door.
  1597 | D:3      | Noticed bronco's ghost (amateur FoEE)
  1608 | D:3      | Reached skill level 5 in Fighting
  1608 | D:3      | Reached skill level 4 in Axes
  1608 | D:3      | Reached XP level 6. HP: 49/56 MP: 5/5
  1613 | D:3      | Killed bronco's ghost
  1728 | D:3      | Reached skill level 5 in Axes
  1736 | D:3      | Found a faded altar of an unknown god.
  2199 | D:4      | Found a glowing drain.
  2212 | D:4      | Reached XP level 7. HP: 56/61 MP: 6/6
  2230 | D:4      | Reached skill level 6 in Axes
  2248 | Sewer    | Entered a sewer
  2630 | Sewer    | Found a white marble altar of Elyvilon.
  2851 | D:4      | Found a transporter.
  2855 | D:4      | Identified the +5 giant club "Boast" {vamp, rC+}
  2855 | D:4      | Noticed LynnLen's ghost (novice SpEn)
  2857 | D:4      | Got the Spellbook of the Nocuous Curse
  3044 | D:4      | Reached skill level 5 in Shields
  3117 | D:4      | Identified the staff of fire "Dacut" {rF+ rN+ Dex+4 Stlth-}
  3308 | D:5      | Entered Level 5 of the Dungeon
  3385 | D:5      | Noticed Blork the orc
  3393 | D:5      | Killed Blork the orc
  3394 | D:5      | Reached skill level 7 in Axes
  3671 | D:5      | Reached XP level 8. HP: 71/71 MP: 7/7
  3752 | D:4      | Found a transporter.
  3764 | D:4      | HP: 1/71 [ogre/+0 giant spiked club (30)]
  3764 | D:4      | Demolished by an ogre

Illustrated notes

Levels and vault maps discovered:
D:1:      mainiacjoe_arrival_reflecting_pool, layout_basic
D:2:      layout_basic, uniq_sigmund
D:3:      layout_rooms, ebering_ghost_sewer_d,
          hellmonk_ecumenical_altar_pennies_from_heaven
D:4:      minmay_clustersquares, layout_basic, gammafunk_ghost_smash,
          gup_sewer_entry_glass
D:5:      layout_basic, nicolae_overflow_hidden_temple, serial_park_tiny_1,
          minmay_misc_feat_alley, uniq_duvessa, uniq_ijyb, uniq_eustachio,
          uniq_blork_the_orc

Skill      XL: |  1  2  3  4  5  6  7 |
---------------+----------------------+-----
Shields        | 4 5 |  5.2
Fighting       | 4 5 6 |  6.3
Armour         | 4 5 6 |  6.5
Axes           | 3 4 5 7 |  7.3
Dodging        | 1 |  1.8
Stealth        | |  0.1

Action                     |  1- 3 |  4- 6 |  7- 9 || total
---------------------------+-------+-------+-------++-------
  Melee: War axe           |    34 |    80 |    98 ||   212
         Headbutt          |     4 |    12 |    19 ||    35
    Use: Scroll            |     1 |       |     3 ||     4
         Potion            |       |       |     1 ||     1
 Armour: Scale mail        |     9 |    38 |    45 ||    92
  Dodge: Dodged            |    19 |    43 |    38 ||   100
  Block: Buckler           |     3 |    14 |    19 ||    36
